 Dungeon Crawl Stone Soup version 0.18.1-48-g4cf74bf (webtiles) character file.

4259 GFox the Blocker (level 10, -1/73 HPs)
             Began as a Formicid Fighter on Aug 28, 2016.
             Was an Elder of Okawaru.
             Slain by a killer bee (7 damage)
             ... on level 9 of the Dungeon.
             The game lasted 01:06:11 (7407 turns).

GFox the Blocker (Formicid Fighter)                 Turns: 7407, Time: 01:06:12

Health: -1/73      AC: 25    Str: 26    XL:     10   Next: 56%
Magic:  10/10      EV:  7    Int:  8    God:    Okawaru [****..]
Gold:   488        SH: 12    Dex: 13    Spells: 0 memorised, 9 levels left

rFire  . . .     SeeInvis +     K - +1 battleaxe (protect)
rCold  + . .     Gourm    .     z - +1 plate armour
rNeg   . . .     Faith    .     c - +0 shield
rPois  .         Spirit   .     (helmet unavailable)
rElec  .         Dismiss  .     w - +1 cloak
rCorr  .         Reflect  .     j - +0 pair of gloves
SustAt .         Harm     .     G - +0 pair of boots
MR     +....                    k - amulet of regeneration
Stlth  ..........               b - +3 ring of dexterity
                                E - ring of protection from cold

@: lethally poisoned (-1 -> -2), somewhat resistant to hostile enchantments,
extremely unstealthy
A: permanent stasis, dig shafts and tunnels, four strong arms, antennae 3,
hooves 1, frail 1, regeneration 1, strong 1, subdued magic 1
a: Dig, Shaft Self, Heroism, Renounce Religion


You were on level 9 of the Dungeon.
You worshipped Okawaru.
Okawaru was greatly pleased with you.
You were hungry.

You visited 2 branches of the dungeon, and saw 10 of its levels.

You collected 488 gold pieces.

Inventory:

Hand Weapons
 J - the +9 trident of Geirod {pierce, Int+4 Stlth+}
   (You found it on level 8 of the Dungeon)

   It inflicts extra damage upon your enemies.
   It affects your intelligence (+4).
   It makes you more stealthy.
 K - a +1 battleaxe of protection (weapon)
Armour
 c - a +0 shield (worn)
 j - a +0 pair of gloves (worn)
 w - a +1 cloak (worn)
 z - a +1 plate armour (worn)
 G - a +0 pair of boots (worn)
Jewellery
 b - a +3 ring of dexterity (right hand)
 k - an amulet of regeneration (around neck)
 s - an uncursed amulet of faith
 E - a ring of protection from cold (left hand)
 F - an uncursed ring of poison resistance
Wands
 h - a wand of acid (9/15)
 r - a wand of random effects (25/48)
 t - a wand of lightning (6/15)
 A - a wand of hasting (5/9)
Scrolls
 a - a scroll of magic mapping
 e - 3 scrolls of remove curse
 o - 3 scrolls of fog
 u - 2 scrolls of recharging
 y - 2 scrolls of fear
 C - a scroll of holy word
 H - a scroll of identify
Potions
 d - 2 potions of might
 i - a potion of degeneration {unknown}
 l - 3 potions of flight {unknown}
 m - 7 potions of curing
 p - 2 potions of mutation {unknown}
 v - a potion of beneficial mutation {unknown}
 x - a potion of brilliance {unknown}
 B - a potion of agility {unknown}
 D - a potion of lignification {unknown}
Comestibles
 f - 4 bread rations
 n - 4 beef jerkies
 I - 7 chunks of flesh


   Skills:
 * Level 8.9 Fighting
 * Level 7.5 Axes
 - Level 1.3(4.8) Polearms
 * Level 8.7 Armour
 * Level 9.3 Shields


You had 9 spell levels left.
You didn't know any spells.

Dungeon Overview and Level Annotations

Branches:
Dungeon (9/15)             Temple (1/1) D:4
   Lair: D:8-11         Orc: D:9-12

Altars:
Ashenzari
Cheibriados
Dithmenos
Elyvilon
Fedhas
Gozag
Kikubaaqudgha
Makhleb
Nemelex Xobeh
Okawaru
Pakellas
Qazlal
Ru
Trog
Vehumet
Xom
Yredelemnul
Zin
The Shining One


Innate Abilities, Weirdness & Mutations

You are under a permanent stasis effect.
You can dig through walls and to a lower floor.
Your four strong arms can wield two-handed weapons with a shield.
You have a pair of large antennae on your head (SInv).
You have large cloven feet.
You are frail (-10% HP).
Your natural rate of healing is unusually fast.
Your muscles are strong. (Str +2)
Your spells are a little easier to cast, but a little less powerful.


Message History

The killer bee is severely wounded.
You feel sick.
The killer bee stings you but does no damage. x2
You miss the killer bee.
The killer bee is severely wounded.
You feel sick. You block the killer bee's attack.
The killer bee stings you but does no damage.
The killer bee completely misses you.
You miss the killer bee.
The killer bee is severely wounded.
You feel sick. You block the killer bee's attack. x2
The killer bee stings you but does no damage.
You miss the killer bee.
The killer bee is severely wounded.
You feel sick.
The killer bee stings you but does no damage. x2
You miss the killer bee.
The killer bee is severely wounded.
You feel sick. The killer bee stings you!
You die...

...)..........# #..........<#
#
..............###...........#
......(..####...............#
.........# #..#..###.......#
.........# #..#..# #.......#
....(....# #..#..# #.......#
.....(...# #..#..# #.......#
.........# #..#.)#
#.......##.# .........#
#..#@.# #..........#
.........# #..#y)#
#..........# ...[###.## #..#
#..........# .... +# #..#
#..........# ...# ...#
#..........# ... ....#
#..###.....# #.. .#... ...
#.....# ..#... .. #.....#


You could see a killer bee.

Vanquished Creatures
  The ghost of Dickchan the Frost Mage, a novice MfIE (D:5)
  A hippogriff (D:9)
  A hungry ghost (D:9)
  A water moccasin (D:6)
  2 orc warriors (D:9)
  4 sky beasts
  A phantom (D:4)
  3 ice beasts
  2 centaurs
  4 ogres
  8 giant frogs
  A water moccasin zombie (D:7)
  3 scorpions
  4 killer bees (D:9)
  5 wights (D:8)
  A howler monkey (D:4)
  A centaur zombie (D:9)
  4 jellies
  An orc wizard (D:9)
  10 hounds
  2 giant frog skeletons
  A gnoll shaman (D:7)
  3 orc priests
  7 worker ants
  3 gnolls (D:7)
  2 worker ant zombies
  6 adders
  A howler monkey skeleton (D:5)
  A shadow imp (D:6)
  An ooze (D:7)
  3 adder zombies
  An adder skeleton (D:6)
  2 worms
  6 dart slugs
  4 giant geckos
  19 orcs
  2 ball pythons
  5 bats
  6 giant cockroaches
  8 goblins
  5 hobgoblins
  9 jackals
  8 kobolds
  5 quokkas
  A giant gecko skeleton (D:4)
  9 giant newts
  8 rats
186 creatures vanquished.

Notes
Turn   | Place    | Note
--------------------------------------------------------------
     0 | D:1      | GFox the Formicid Fighter began the quest for the Orb.
     0 | D:1      | Reached XP level 1. HP: 18/18 MP: 1/1
    83 | D:1      | Reached XP level 2. HP: 24/24 MP: 2/2
   362 | D:1      | Reached XP level 3. HP: 30/30 MP: 3/3
   960 | D:2      | Found a bloodstained altar of Trog.
  1192 | D:2      | Reached XP level 4. HP: 29/37 MP: 4/4
  1801 | D:3      | Reached skill level 4 in Shields
  1801 | D:3      | Reached XP level 5. HP: 42/42 MP: 5/5
  2218 | D:4      | Found a blossoming altar of Fedhas.
  2226 | D:4      | Noticed a phantom
  2254 | D:4      | Killed a phantom
  2254 | D:4      | Reached XP level 6. HP: 42/50 MP: 6/6
  2426 | D:4      | Found a snail-covered altar of Cheibriados.
  2603 | D:4      | Found a glowing golden altar of the Shining One.
  2621 | D:4      | Found a staircase to the Ecumenical Temple.
  2640 | Temple   | Entered the Ecumenical Temple
  2767 | Temple   | Became a worshipper of Warmaster Okawaru
  2912 | D:4      | Reached skill level 5 in Fighting
  2946 | D:4      | Found a snail-covered altar of Cheibriados.
  3099 | D:4      | Reached XP level 7. HP: 54/56 MP: 7/7
  3128 | D:4      | Reached skill level 5 in Armour
  3128 | D:4      | Reached skill level 5 in Shields
  3223 | D:4      | Found a shattered altar of Ashenzari.
  3460 | D:5      | Entered Level 5 of the Dungeon
  3597 | D:5      | Reached * piety under Okawaru
  3651 | D:5      | Noticed Dickchan's ghost (novice MfIE)
  3673 | D:5      | Killed Dickchan's ghost
  3673 | D:5      | Reached XP level 8. HP: 54/64 MP: 8/8
  3879 | D:5      | Reached skill level 6 in Shields
  4005 | D:5      | Reached skill level 5 in Axes
  4014 | D:5      | Reached ** piety under Okawaru
  4725 | D:6      | Found a sacrificial altar of Ru.
  4765 | D:6      | Found a basalt altar of Yredelemnul.
  4802 | D:6      | Got a smelly ring mail
  4826 | D:6      | Reached XP level 9. HP: 68/71 MP: 9/9
  4839 | D:6      | Identified the +3 ring mail of Korghom {rPois MR+++ Int-4 Slay-6} (You found it on level 6 of the Dungeon)
  5050 | D:6      | Reached skill level 7 in Shields
  5270 | D:6      | You fall through a shaft for 3 floors!
  5579 | D:7      | Reached *** piety under Okawaru
  5918 | D:7      | Reached skill level 8 in Shields
  6595 | D:8      | Reached XP level 10. HP: 80/80 MP: 10/10
  6599 | D:8      | Gained mutation: You have large cloven feet. [mutagenic meat]
  6600 | D:8      | Gained mutation: Your muscles are strong. (Str +2) [mutagenic meat]
  6601 | D:8      | Gained mutation: Your natural rate of healing is unusually fast. [mutagenic meat]
  6602 | D:8      | Gained mutation: You are frail (-10% HP). [mutagenic meat]
  6604 | D:8      | Gained mutation: Your spells are a little easier to cast, but a little less powerful. [mutagenic meat]
  6954 | D:8      | Reached **** piety under Okawaru
  7181 | D:8      | Got an ebony trident
  7182 | D:8      | Identified the +9 trident of Geirod {pierce, Int+4 Stlth+} (You found it on level 8 of the Dungeon)
  7243 | D:9      | Reached skill level 1 in Polearms
  7243 | D:9      | Reached skill level 9 in Shields
  7407 | D:9      | Slain by a killer bee

Skill      XL: |  1  2  3  4  5  6  7  8  9 10 |
---------------+-------------------------------+-----
Fighting       | 4 5 6 8 |  8.9
Armour         | 4 5 6 7 8 |  8.7
Axes           | 3 4 5 6 7 |  7.5
Shields        | 4 5 6 8 9 |  9.3
Polearms       | 1 |  1.3

Action                   |  1- 3 |  4- 6 |  7- 9 | 10-12 || total
-------------------------+-------+-------+-------+-------++-------
Melee: War axe           |   141 |   160 |   318 |    66 ||   685
       Battleaxe         |       |       |       |    40 ||    40
       Trident           |       |       |       |    18 ||    18
       Kick              |       |       |       |     4 ||     4
 Abil: Dig               |     3 |       |       |       ||     3
  Use: Scroll            |     6 |     4 |     5 |     4 ||    19
  Eat: Chunk             |     1 |     7 |     4 |     6 ||    18
       Meat ration       |       |       |     2 |       ||     2
Armor: Scale mail        |    62 |    62 |       |       ||   124
       Plate armour      |       |    16 |   193 |   121 ||   330
Dodge: Dodged            |    50 |    65 |    72 |    41 ||   228
Block: Shield            |    72 |    94 |   222 |    97 ||   485
